 Dungeon Crawl Stone Soup version 0.19.5 (webtiles) character file.

84 Hybris the Cutter (level 4, 0/23 HPs)
             Began as a Spriggan Abyssal Knight on Apr 2, 2017.
             Was a Follower of Lugonu.
             Slain by a jackal (1 damage)
             ... on level 2 of the Dungeon.
             The game lasted 00:02:58 (1907 turns).

Hybris the Cutter (Spriggan Abyssal Knight)         Turns: 1907, Time: 00:02:59

Health: 0/23       AC:  2    Str:  8    XL:     4   Next: 24%
Magic:  6/6        EV: 19    Int: 13    God:    Lugonu [*.....]
Gold:   90         SH:  0    Dex: 16    Spells: 0 memorised, 3 levels left

rFire  . . .     SeeInvis +     a - +1 short sword
rCold  . . .     Gourm    .     b - +0 robe
rNeg   . . .     Faith    .     (shield restricted)
rPois  .         Spirit   .     (helmet restricted)
rElec  .         Reflect  .     (no cloak)
rCorr  .         Harm     .     (gloves unavailable)
MR     .....                    (boots unavailable)
Stlth  ++........               (no amulet)
                                (no ring)
                                (no ring)

@: very quick
A: unfitting armour, see invisible, herbivore 3, speed 3, slow metabolism 2
a: Depart the Abyss, Renounce Religion


You were on level 2 of the Dungeon.
You worshipped Lugonu.
Lugonu was aware of your devotion.
You were not hungry.

You visited 1 branch of the dungeon, and saw 2 of its levels.
You visited the Abyss 1 time.

You collected 90 gold pieces.

Inventory:

Hand Weapons
 a - a +1 short sword (weapon)
Armour
 b - a +0 robe (worn)
Scrolls
 d - a scroll of amnesia
 e - a scroll of noise {unknown}
 h - a scroll of identify {unknown}
 j - a scroll of immolation {unknown}
 k - a scroll of teleportation {unknown}
Potions
 f - a potion of magic {unknown}
 g - a potion of degeneration {unknown}
 i - a potion of beneficial mutation {unknown}
 l - a potion of invisibility {unknown}
 m - a potion of haste {unknown}
Comestibles
 c - 4 bread rations


   Skills:
 - Level 2.4 Fighting
 * Level 4.4 Short Blades
 - Level 3.5 Dodging
 + Level 3.0 Stealth
 - Level 1.7 Invocations


You had 3 spell levels left.
You didn't know any spells.

Dungeon Overview and Level Annotations

Branches:
Dungeon (2/15)

Altars:

Annotations:
D:2 Natasha


Innate Abilities, Weirdness & Mutations

You are very small and have problems with some larger weapons.
You are too small for most types of armour.
You have supernaturally acute eyesight. (SInv)
You are a herbivore.
You cover ground extremely quickly.
You need consume almost no food.


Message History

As you read the scroll labeled GIXOKAORAE, it crumbles to dust.
It is a scroll of amnesia.
You feel forgetful for a moment. Natasha misses you.
The white imp completely misses you. 2 jackals come into view.
You feel much better. Natasha completely misses you.
The white imp gestures at you. The puff of frost hits you!
You hit the jackal but do no damage. Natasha claws you.
The white imp misses you. The jackal completely misses you.
You miss the jackal.
Natasha mumbles some strange words.
The white imp laughs crazily.
The white imp misses you.
You barely miss the jackal. Natasha misses you. The white imp hits you.
* * * LOW HITPOINT WARNING * * *
The white imp freezes you.
* * * LOW HITPOINT WARNING * * *
The jackal bites you.
You die...

#.# ... #.# #.#
#?# #5# # #h# .
..#.##@######## ##
#....wh55......# .
##.#.h###.#.##.# .
#..#...#.##.#
######## ...
#........# ####
.......# ####
#...#.#..######...
######.##
##..#...........##
# #...#
..#......########
# #...#
###.####.##


You could see a worm, Natasha, a crimson imp, a white imp, a shadow imp and 2
jackals.

Vanquished Creatures
  Natasha (D:2)
  3 adders (D:2)
  A dart slug (D:2)
  A leopard gecko (D:1)
  A bat (D:2)
  3 giant cockroaches
  3 goblins
  2 hobgoblins (D:1)
  A quokka (D:2)
  A ball python (D:1)
  6 frilled lizards
  5 kobolds
  4 rats
32 creatures vanquished.

Vanquished Creatures (others)
  2 starspawn tentacles (Abyss:1)
2 creatures vanquished.

Grand Total: 34 creatures vanquished

Notes
Turn   | Place    | Note
-------+----------+-------------------------------------------
     0 | Abyss:1  | Hybris the Spriggan Abyssal Knight began the quest for the Orb.
     0 | Abyss:1  | Reached XP level 1. HP: 11/11 MP: 3/3
    29 | Abyss:1  | Noticed a tentacled starspawn
    29 | Abyss:1  | Noticed a large abomination
    35 | Abyss:1  | Noticed a thrashing horror
    36 | D:1      | Escaped the Abyss
   151 | D:1      | Reached * piety under Lugonu
   195 | D:1      | Reached skill level 3 in Short Blades
   195 | D:1      | Reached XP level 2. HP: 11/16 MP: 4/4
  1150 | D:2      | Reached skill level 1 in Stealth
  1162 | D:2      | Reached XP level 3. HP: 9/19 MP: 5/5
  1460 | D:2      | Found a faded altar of an unknown god.
  1472 | D:2      | Reached skill level 4 in Short Blades
  1687 | D:2      | Noticed Natasha
  1693 | D:2      | Killed Natasha
  1693 | D:2      | Reached XP level 4. HP: 23/23 MP: 6/6
  1898 | D:2      | Noticed Natasha
  1902 | D:2      | HP: 1/23 [white imp/puff of frost[Natasha] (10)]
  1907 | D:2      | HP: 1/23 [white imp[Natasha] (4)]
  1907 | D:2      | Slain by a jackal

Skill      XL: |  1  2  3  4 |
---------------+-------------+-----
Short Blades   | 3 4 |  4.4
Stealth        | 1 2 3 |  3.0
Fighting       | |  2.4
Dodging        | |  3.5
Invocations    | |  1.7

Action                   |  1- 3 |  4- 6 || total
-------------------------+-------+-------++-------
Melee: Short sword       |    73 |    29 ||   102
Invok: Depart the Abyss  |     1 |       ||     1
  Use: Potion            |     2 |     1 ||     3
       Scroll            |       |     1 ||     1
 Stab: Sleeping          |     6 |       ||     6
Armor: Robe              |     3 |     3 ||     6
Dodge: Dodged            |    54 |    40 ||    94
